 Dungeon Crawl Stone Soup version 0.26.1-2-gb8aa6d0cf2 (webtiles) character file.

Game seed: 16182239375270099233

424 pascalblue the Magician (level 6, -3/32 HPs)
             Began as a Deep Elf Hedge Wizard on Mar 3, 2021.
             Slain by a sky beast (5 damage)
             ... on level 5 of the Dungeon.
             The game lasted 00:14:08 (5715 turns).

pascalblue the Magician (Deep Elf Hedge Wizard)     Turns: 5715, Time: 00:14:08

Health: -3/32      AC:  3    Str:  7    XL:     6   Next: 64%
Magic:  17/17      EV: 13    Int: 21    God:
Gold:   219        SH:  0    Dex: 14    Spells: 11/17 levels left

rFire    x . .     SeeInvis .   t - +1 mace (holy)
rCold    + . .     Faith    .   (no shield)
rNeg     . . .     Spirit   .   b - +0 robe
rPois    .         Reflect  .   c - +0 hat
rElec    .         Harm     .   (no cloak)
rCorr    +         Rampage  .   w - +0 pair of gloves
Will     .....                  (no boots)
Stlth    ++........             (no amulet)
HPRegen  0.10/turn              f - ring of resist corrosion
MPRegen  0.15/turn              v - ring of ice

@: no status effects
A: no striking features
a: no special abilities


You were on level 5 of the Dungeon.
You visited 1 branch of the dungeon, and saw 5 of its levels.

You collected 219 gold pieces.

Inventory:

Hand Weapons
 a - a +0 dagger
 j - a +0 short sword
 t - a +1 mace of holy wrath (weapon)
Missiles
 p - a throwing net
Armour
 b - a +0 robe (worn)
 c - a +0 hat (worn)
 w - a +0 pair of gloves (worn)
Jewellery
 f - a ring of resist corrosion (left hand)
 s - a cursed ring of attention {unknown}
 v - a ring of ice (right hand)
Scrolls
 d - 3 scrolls of teleportation {unknown}
 e - 2 scrolls of remove curse {unknown}
 g - 3 scrolls of identify {unknown}
 h - a scroll of fear {unknown}
 i - 3 scrolls of amnesia {unknown}
 k - a scroll of immolation {unknown}
 m - a scroll of enchant armour {unknown}
Potions
 l - a potion of brilliance {unknown}
 n - a potion of degeneration {unknown}
 o - 2 potions of curing {unknown}
 q - a potion of attraction {unknown}
 r - a potion of haste {unknown}
 u - a potion of flight {unknown}


   Skills:
 - Level 2.4 Dodging
 - Level 2.4 Stealth
 + Level 6.0 Spellcasting
 * Level 4.7 Conjurations
 - Level 2.0 Summonings
 - Level 2.0 Translocations
 + Level 2.3 Air Magic
 + Level 2.5 Poison Magic


You had 11 spell levels left.
You knew the following spells:

 Your Spells              Type           Power        Failure   Level
a - Magic Dart            Conj           100%         1%          1
b - Call Imp              Summ           14%          6%          2
c - Mephitic Cloud        Conj/Pois/Air  19%          8%          3

Your spell library contained the following spells:

 Spells                   Type           Power        Failure   Level
 Blink                    Tloc           N/A          6%          2
 Conjure Flame            Conj/Fire      16%          11%         3
 Slow                     Hex            6%           14%         2


Dungeon Overview and Level Annotations

Branches:
Dungeon (5/15)
 Temple: D:4-7

Altars:
Cheibriados
Qazlal
Ru
Wu Jian

Annotations:
D:4 Eustachio


Message History

The sky beast hits you. The sky beast shocks you. The sky beast hits you.
The sky beast shocks you.
There is a stone staircase leading down, spattered with blood here.
Casting: Magic Dart (safe; 1% risk of failure)
Confirm with . or Enter, or press ? or * to list all spells.
Okay, then.
The sky beast flickers out of sight!
Deactivating autopickup; reactivate with Ctrl-A.
Something hits you.
* * * LOW HITPOINT WARNING * * *
Something shocks you.
* * * LOW HITPOINT WARNING * * *
You climb downwards.
Reactivating autopickup.
There is a stone staircase leading up here.
You start resting.
Something barely misses you.
You start resting.
Something hits you.
* * * LOW HITPOINT WARNING * * *
Something shocks you.
You die...

#..## #....
#...# #...# #
#...# #.#...#
#.#...#####.
#...........
#..@#######.
#..........
.............
..##....#######
......#
.#...... .
#...#.# #...#.#


There were no monsters in sight!

Vanquished Creatures
  8 adders
  A gnoll (D:2)
  An ooze (D:2)
  2 adder skeletons (D:2)
  An adder zombie (D:2)
  3 worms
  5 dart slugs
  4 leopard geckos
  2 orcs (D:3)
  2 ball pythons
  9 bats
  4 giant cockroaches (D:3)
  9 goblins
  12 hobgoblins
  4 jackals (D:3)
  9 kobolds
  3 quokkas (D:2)
  5 frilled lizards
  A leopard gecko zombie (D:2)
  A quokka zombie (D:2)
  5 rats
91 creatures vanquished.

Vanquished Creatures (collateral kills)
  Sigmund (D:3)
  A howler monkey (D:4)
  An orc priest (D:4)
  An iguana (D:4)
  2 orc wizards (D:4)
  3 gnolls (D:2)
9 creatures vanquished.

Vanquished Creatures (others)
  7 plants (D:2)
7 creatures vanquished.

Grand Total: 107 creatures vanquished

Notes
Turn   | Place    | Note
-------+----------+-------------------------------------------
     0 | D:1      | pascalblue the Deep Elf Hedge Wizard began the quest for
                  | the Orb.
     0 | D:1      | Reached XP level 1. HP: 10/10 MP: 7/7
   178 | D:1      | Reached XP level 2. HP: 9/15 MP: 1/9
   808 | D:1      | Reached XP level 3. HP: 17/19 MP: 1/11
  1270 | D:1      | Learned a level 2 spell: Call Imp
  1274 | D:1      | Learned a level 3 spell: Mephitic Cloud
  2021 | D:2      | Reached XP level 4. HP: 24/24 MP: 10/12
  2071 | D:2      | Reached skill level 5 in Spellcasting
  2344 | D:2      | Reached skill level 1 in Poison Magic
  2373 | D:2      | Reached skill level 1 in Air Magic
  2660 | D:2      | Reached XP level 5. HP: 19/28 MP: 0/14
  4380 | D:3      | Found a stormy altar of Qazlal.
  4385 | D:3      | Noticed Sigmund
  4403 | D:3      | Killed Sigmund
  4404 | D:3      | Reached XP level 6. HP: 7/32 MP: 1/16
  5125 | D:4      | Reached skill level 6 in Spellcasting
  5176 | D:4      | Found a snail-covered altar of Cheibriados.
  5176 | D:4      | Found a sacrificial altar of Ru.
  5176 | D:4      | Found an ornate altar of the Wu Jian Council.
  5440 | D:4      | Noticed Eustachio
  5455 | D:4      | Noticed a sky beast
  5493 | D:5      | Entered Level 5 of the Dungeon
  5715 | D:5      | Slain by a sky beast

Illustrated notes

Levels and vault maps discovered:
D:1:      lemuel_arrival_cross, layout_basic, serial_aquarium,
          aquarium_bridge_straight [aquarium_subvault_bridge,
          aquarium_subvault_window, aquarium_subvault_bridge,
          aquarium_subvault_wall], aquarium_window_corridor_3,
          aquarium_window_1, aquarium_window_fake, aquarium_view_2g,
          aquarium_view_2d, aquarium_pool_S, st_stairs_2,
          minmay_tree_intersection, serial_bayou_ford_a
D:2:      layout_loops_corners, serial_undead, serial_undead_c, serial_undead_b,
          serial_undead_d, serial_undead_d, serial_bayou_lagoon_b
D:3:      layout_basic, lemuel_crystal_altar, uniq_sigmund
D:4:      layout_cave_pods, gammafunk_temple_overflow_claw,
          minmay_misc_feat_plants, uniq_eustachio
D:5:      minmay_clustersquares, layout_basic, okawaru_ov_weapons_minmay,
          minmay_temple_entry_statues_pillars, uniq_grinder

Skill      XL: |  1  2  3  4  5  6 |
---------------+-------------------+-----
Conjurations   | 2 3 4 |  4.7
Summonings     | 2 |  2.0
Translocations | 2 |  2.0
Spellcasting   | 5 6 |  6.0
Poison Magic   | 1 2 |  2.5
Air Magic      | 1 2 |  2.3
Dodging        | |  2.4
Stealth        | |  2.4

Action                   |  1- 3 |  4- 6 || total
-------------------------+-------+-------++-------
Melee: Short sword       |       |     4 ||     4
 Cast: Magic Dart        |    95 |   173 ||   268
       Call Imp          |       |    21 ||    21
       Mephitic Cloud    |       |     2 ||     2
Armor: Robe              |     3 |     5 ||     8
Dodge: Dodged            |    17 |    27 ||    44
